 Dungeon Crawl Stone Soup version 0.31.0-11-ge490571c62 (webtiles) character file.

Game seed: 10976984879157899727

19 ProzacElf the Poker (level 2, 0/22 HPs)
             Began as a Merfolk Gladiator on Jan 31, 2024.
             Succumbed to an adder's poison
             ... on level 2 of the Dungeon.
             The game lasted 00:01:19 (729 turns).

ProzacElf the Poker (Merfolk Gladiator)              Turns: 729, Time: 00:01:20

Health: 0/22       AC:  4    Str: 14    XL:     2   Next: 75%
Magic:  2/2        EV: 13    Int:  7    God:
Gold:   37         SH:  0    Dex: 15    Spells: 1/1 levels left

rFire   . . .        a - +0 trident
rCold   . . .        (no shield)
rNeg    . . .        b - +0 leather armour
rPois   .            c - +0 helmet
rElec   .            (no cloak)
rCorr   .            (no gloves)
SInv    .            (no boots)
Will    .....        (no amulet)
Stlth   +            (no ring)
HPRegen 0.23/turn    (no ring)
MPRegen 0.08/turn

%: no passive effects
@: lethally poisoned (0 -> -2), attractive, invisible
A: (nimble swimmer 2), mertail
a: no special abilities


You were on level 2 of the Dungeon.
You visited 1 branch of the dungeon, and saw 2 of its levels.

You collected 37 gold pieces.

Inventory:

Hand Weapons
 a - a +0 trident (weapon)
Missiles
 d - 3 throwing nets
 e - a javelin
 k - 6 poisoned darts
Armour
 b - a +0 leather armour (worn)
 c - a +0 helmet (worn)
Scrolls
 h - a scroll of torment {unknown}
 i - a scroll of immolation {unknown}
 l - a scroll of teleportation {unknown}


   Skills:
 - Level 2.1 Fighting
 + Level 4.6 Polearms
 + Level 2.6 Throwing
 - Level 4.0 Dodging


You had one spell level left.
You didn't know any spells.
Your spell library contained the following spells:

 Spells                   Type           Power      Damage    Failure   Level
 Apportation              Tloc           0%         N/A       52%         1
 Jinxbite                 Hex            0%         N/A       65%         2
 Alistair's Intoxication  Alch           0%         N/A       100%        5


Dungeon Overview and Level Annotations

Branches:
Dungeon (2/15)

Altars:


Innate Abilities, Weirdness & Mutations

((You are very nimble when in or above water. (Stealth+, EV+, Speed+++)))
Your lower body shifts to a powerful aquatic tail in water.


Message History

Ye be too injured ta fight recklessly!
Throw: 3 darts (curare)
Press: ? - help, Q - select action, (/) - cycle Shift-Dir - straight line, f - adder
Aim: an adder (severely wounded, 38% ta hit) Ye throw a curare-tipped dart.
Tha curare-tipped dart barely misses tha adder.
Tha adder closely misses ye.
Throw: 2 darts (curare)
Press: ? - help, Q - select action, (/) - cycle Shift-Dir - straight line, f/p - adder
Aim: an adder (severely wounded, 38% ta hit) Ye throw a curare-tipped dart.
Tha curare-tipped dart closely misses tha adder.
Ye feel sick.
Tha adder barely misses ye.
Ye take 1 damage, an' haf 8/22 hp.
Throw: dart (curare)
Press: ? - help, Q - select action, (/) - cycle Shift-Dir - straight line, f/p - adder
Aim: an adder (severely wounded, 38% ta hit) Ye throw a curare-tipped dart.
Tha curare-tipped dart misses tha adder.
Ye feel sick.
Ye be nay longer poison'd.
Tha adder bites ye.
* * * LOW HITPOINT WARNIN'
* * * Ye be leth'lly poison'd!
Tha adder poisons ye!
Ye take 2 damage, an' haf 6/22 hp.
It was a potion o' invisibility.
Ye fade inta invisibility!
* * * LOW HITPOINT WARNIN'
* * * Ye feel sick.
Tha adder bites ye.
* * * LOW HITPOINT WARNIN'
* * * Ye take 4 damage, an' haf 2/22 hp.
It was a potion o' attraction.
Ye feel attractive ta monsters.
* * * LOW HITPOINT WARNIN'
* * * Ye feel sick.
Tha adder closely misses ye.
Tha adder barely misses ye.
* * * LOW HITPOINT WARNIN'
* * * Ye feel sick.
Ye take 1 damage, an' haf 1/22 hp.
Ye die...

#.# #.#.......##.#
#.#
######+#.......# #
#.#
#.......##+###.#
#.# #.......##. .#
#.# #......... .#
##.####.......#
#.....'.......+
#######.......#####
#..@.S......(
#######.##### #


You could see an adder (unable to see you).

Vanquished Creatures
  2 endoplasms (D:1)
  2 giant cockroaches (D:1)
  3 goblins
  2 hobgoblins (D:1)
  A ball python (D:1)
  5 kobolds
  3 rats (D:1)
18 creatures vanquished.

Notes
Turn   | Place    | Note
-------+----------+-------------------------------------------
     0 | D:1      | ProzacElf the Merfolk Gladiator began the quest for the
                  | Orb.
     0 | D:1      | Reached XP level 1. HP: 16/16 MP: 1/1
   152 | D:1      | Reached XP level 2. HP: 22/22 MP: 2/2
   728 | D:2      | HP: 1/22 [poisoned by an adder]
   729 | D:2      | Succumbed to an adder's poison

Illustrated notes

Levels and vault maps discovered:
D:1:      ldierk_walled_garden, layout_loops_ring
D:2:      layout_basic, basic_altar, grunt_decor_one_mirror,
          minmay_misc_feat_diagonals, uniq_natasha

Action                     || total
---------------------------++-------
  Melee: Trident           ||    76
  Throw: Dart              ||     3
    Use: Potion            ||     2
 Armour: Leather armour    ||    38
  Dodge: Dodged            ||    36

Action                     || total
---------------------------++-------
  Melee: Trident           ||    76
  Throw: Dart              ||     3
    Use: Potion            ||     2
 Armour: Leather armour    ||    38
  Dodge: Dodged            ||    36

Levels and vault maps discovered:
D:1:      ldierk_walled_garden, layout_loops_ring
D:2:      layout_basic, basic_altar, grunt_decor_one_mirror,
          minmay_misc_feat_diagonals, uniq_natasha
